 Dungeon Crawl Stone Soup version 0.31-a0-870-g10ed682358 (webtiles) character file.

Game seed: 8710495592893535348

596 IcyTea the Basher (level 7, 0/57 HPs)
             Began as a Grey Draconian Cinder Acolyte on Oct 12, 2023.
             Was a Believer of Ignis.
             Slain by Pikel
             ... wielding a +2 whip of freezing
              (5 damage)
             ... on level 4 of the Dungeon.
             The game lasted 00:12:50 (2619 turns).

IcyTea the Basher (Grey Draconian Cinder Acolyte)   Turns: 2619, Time: 00:12:53

Health: 0/57       AC: 12    Str: 16    XL:     7   Next: 17%
Magic:  8/8        EV: 10    Int: 16    God:    Ignis [**....]
Gold:   177        SH:  5    Dex:  7    Spells: 6/8 levels left

rFire   + . .        a - -1 mace (flame)
rCold   . . .        g - +2 buckler
rNeg    . . .        (body armour unavailable)
rPois   .            (helmet restricted)
rElec   .            (no cloak)
rCorr   .            l - +0 pair of gloves
SInv    .            (no boots)
Will    +....        c - amulet of magic regeneration
Stlth   +            d - ring of willpower
HPRegen 0.29/turn    (no ring)
MPRegen 0.51/turn

%: no passive effects
@: attractive, slowed, very slow
A: AC +11, amphibious, unfitting armour, cold-blooded
a: Renounce Religion, Fiery Armour, Foxfire Swarm, Rising Flame


You were on level 4 of the Dungeon.
You worshipped Ignis.
Ignis was pleased with you.
You visited 1 branch of the dungeon, and saw 4 of its levels.

You collected 177 gold pieces.

Inventory:

Hand Weapons
 a - a -1 mace of flaming (weapon)
 b - a +0 sling
Armour
 g - a +2 buckler (worn)
 l - a +0 pair of gloves (worn)
Jewellery
 c - an amulet of magic regeneration (around neck)
 d - a ring of willpower (left hand)
Wands
 r - a wand of paralysis (5)
Scrolls
 f - a scroll of vulnerability
 h - a scroll of silence {unknown}
 i - a scroll of noise {unknown}
 k - a scroll of revelation {unknown}
 m - 2 scrolls of poison
 p - a scroll of enchant armour {unknown}
Potions
 e - a potion of curing
 j - a potion of brilliance {unknown}
 n - a potion of mutation {unknown}
 o - a potion of heal wounds


   Skills:
 - Level 3.2 Fighting
 + Level 8.3 Maces & Flails
 - Level 1.0 Spellcasting
 - Level 3.0 Fire Magic


You had 6 spell levels left.
You knew the following spells:

 Your Spells              Type           Power      Damage    Failure   Level
a - Scorch                Fire           20%        2d5       13%         2

Your spell library contained the following spells:

 Spells                   Type           Power      Damage    Failure   Level
 Malign Gateway           Summ/Tloc      0%         N/A       100%        7
 Summon Horrible Things   Summ           0%         N/A       100%        8


Dungeon Overview and Level Annotations

Branches:
Dungeon (4/15)
 Temple: D:4-7

Altars:
Dithmenos
Hepliaklqana
Zin

Annotations:
D:4 Pikel


Innate Abilities, Weirdness & Mutations

Your dull iron-grey scales are very hard. (AC +11)
You are amphibious.
You cannot fit into any form of body armour.
You are cold-blooded and may be slowed by cold attacks.


Message History

Pikel hits you with a +2 whip of freezing!
You feel yourself slow down. Pikel freezes you.
* * * LOW HITPOINT WARNING * * *
The lemure barely misses you. The lemure hits you but does no damage.
You barely miss Pikel.
Pikel is severely wounded.
Pikel misses you. The lemure hits you but does no damage.
The lemure barely misses you. The lemure misses you.
Pikel hits you but does no damage. The lemure hits you but does no damage.
You closely miss Pikel.
Pikel is severely wounded.
You feel yourself speed up.
Pikel hits you with a +2 whip of freezing.
* * * LOW HITPOINT WARNING * * *
You feel yourself slow down. Pikel freezes you.
* * * LOW HITPOINT WARNING * * *
The lemure closely misses you. You block the lemure's attack.
You barely miss Pikel.
Pikel is severely wounded.
Pikel hits you with a +2 whip of freezing.
* * * LOW HITPOINT WARNING * * *
You feel as though you will be slow longer.
Pikel freezes you.
* * * LOW HITPOINT WARNING * * *
The lemure hits you.
* * * LOW HITPOINT WARNING * * *
You block the lemure's attack. The lemure misses you.
Pikel hits you with a +2 whip of freezing.
* * * LOW HITPOINT WARNING * * *
Pikel freezes you.
* * * LOW HITPOINT WARNING * * *
The lemure hits you but does no damage.
It was a potion of attraction.
You feel attractive to monsters. Pikel barely misses you. The lemure hits you.
* * * LOW HITPOINT WARNING * * *
The lemure barely misses you. The lemure hits you but does no damage.
Pikel hits you with a +2 whip of freezing.
You die...
Pikel says, "See you in Hell!"

........................
###########.......#+####
#...#.......#.....
+...#.......#.....
#...#.......#.....
##'##.......#.....
#...........#.###.
#....########..##.
+@5..#.........+..
#K5..#.#######.###
..>....5...# #..)##
............# +.♣.).
............# #...##
.............# ##'##
####........... ##.##
#.......#### #...#
#..)....+ #.♣.#


You could see Pikel and 3 lemures.

Vanquished Creatures
  Grinder (D:3)
  Duvessa (D:4)
  A lemure (D:4)
  Dowan (D:4)
  An orc priest (D:3)
  Jessica (D:3)
  Terence (D:2)
  Natasha (thrice) (D:2)
  4 adders
  3 worms (D:2)
  2 orcs (D:3)
  6 ball pythons
  8 bats
  4 endoplasms
  5 giant cockroaches
  3 goblins
  5 hobgoblins
  4 jackals (D:2)
  6 quokkas
  4 frilled lizards
  6 kobolds
  7 rats
77 creatures vanquished.

Vanquished Creatures (others)
  47 foxfires
47 creatures vanquished.

Grand Total: 124 creatures vanquished

Notes
Turn   | Place    | Note
-------+----------+-------------------------------------------
     0 | D:1      | IcyTea the Draconian Cinder Acolyte began the quest for the
                  | Orb.
     0 | D:1      | Reached XP level 1. HP: 19/19 MP: 2/2
   129 | D:1      | Reached XP level 2. HP: 22/26 MP: 3/3
   291 | D:1      | Learned a level 2 spell: Scorch
   327 | D:1      | Reached skill level 4 in Maces & Flails
   567 | D:1      | Reached XP level 3. HP: 31/31 MP: 4/4
   698 | D:2      | Noticed Terence
   709 | D:2      | Killed Terence
   804 | D:2      | Noticed Natasha
   808 | D:2      | Killed Natasha
   809 | D:2      | Reached skill level 5 in Maces & Flails
   809 | D:2      | Reached XP level 4. HP: 30/38 MP: 2/5
   960 | D:2      | Noticed Natasha
   969 | D:2      | Killed Natasha
  1141 | D:2      | Noticed Natasha
  1146 | D:2      | Killed Natasha
  1147 | D:2      | Reached XP level 5. HP: 41/45 MP: 6/6
  1193 | D:2      | Reached skill level 6 in Maces & Flails
  1289 | D:2      | Found a faded altar of an unknown god.
  1443 | D:3      | Found a glowing silver altar of Zin.
  1633 | D:3      | Noticed Jessica
  1637 | D:3      | Killed Jessica
  1660 | D:3      | Noticed a shadow
  1661 | D:3      | Found a shadowy altar of Dithmenos.
  1662 | D:3      | Found a hazy altar of Hepliaklqana.
  1879 | D:3      | Noticed Grinder
  1910 | D:3      | Paralysed by Grinder for 4 turns
  1921 | D:3      | Killed Grinder
  1922 | D:3      | Reached skill level 7 in Maces & Flails
  1922 | D:3      | Reached XP level 6. HP: 12/51 MP: 7/7
  2364 | D:4      | Noticed Duvessa
  2364 | D:4      | Noticed Dowan
  2374 | D:4      | Killed Duvessa
  2375 | D:4      | Reached skill level 8 in Maces & Flails
  2375 | D:4      | Your scales start taking on a dull iron-grey colour.
  2375 | D:4      | Reached XP level 7. HP: 39/57 MP: 8/8
  2378 | D:4      | Killed Dowan
  2603 | D:4      | Noticed Pikel
  2619 | D:4      | Slain by Pikel

Illustrated notes

Levels and vault maps discovered:
D:1:      tarquinn_simple_flora_water_f, layout_basic
D:2:      layout_basic, dilly_ecumenical_altar_fadedgnrine, uniq_natasha,
          uniq_terence
D:3:      cheibrodos_helix_gallery, layout_loops_ring,
          riverfiend_overflow_shadow_ancestor, zin_academy, uniq_jessica,
          uniq_grinder
D:4:      minmay_chambers_of_threes, layout_gridville, bloody_trog,
          grunt_ministairs_5, minmay_shop_damaged, uniq_pikel, uniq_duvessa

Skill      XL: |  1  2  3  4  5  6 |
---------------+-------------------+-----
Maces & Flails | 4 5 7 8 |  8.3
Fighting       | |  3.2
Spellcasting   | |  1.0
Fire Magic     | |  3.0

Action                     |  1- 3 |  4- 6 |  7- 9 || total
---------------------------+-------+-------+-------++-------
  Melee: Mace              |    87 |   148 |    16 ||   251
         Tailslap          |     8 |     7 |     1 ||    16
   Cast: Scorch            |     4 |       |       ||     4
 Invoke: Foxfire Swarm     |       |     2 |     2 ||     4
         Fiery Armour      |       |     2 |       ||     2
  Evoke: Wand              |       |     1 |       ||     1
    Use: Potion            |       |     1 |     1 ||     2
         Scroll            |       |     3 |     1 ||     4
 Armour: Skin              |    60 |    98 |    24 ||   182
  Dodge: Dodged            |    55 |    72 |    10 ||   137
  Block: Buckler           |     4 |    36 |     7 ||    47

Table legend: (Time is in decaauts)
 A = Elapsed time spent in this place.
 B = Non-inter-level travel time spent in this place.
 C = Inter-level travel time spent in this place.
 D = Time resting spent in this place.
 E = Time spent auto-exploring this place.
 F = Levels seen in this place.
 G = Mean time per level.
                   A        B        C        D        E       F      G
               +--------+--------+--------+--------+--------+-----+--------+
         Total |   2672 |   2599 |     73 |    300 |   1171 |   4 |  668.0 |
       Dungeon |   2672 |   2599 |     73 |    300 |   1171 |   4 |  668.0 |
               +--------+--------+--------+--------+--------+-----+--------+

Top non-repeatable levels by time:
     D:3: 928 daAuts
     D:2: 765 daAuts
     D:1: 703 daAuts
     D:4: 274 daAuts
